 Dungeon Crawl Stone Soup version 0.31-a0-177-g4aa6249778 (webtiles) character file.

Game seed: 16847528492650650904

12679 qw the Skirmisher (level 11, -27/106 HPs)
             Began as a Naga Hunter on June 18, 2023.
             Was a Priest of Okawaru.
             Blown up by an orb spider (60 damage)
             ... with an orb of destruction
             ... on level 2 of the Lair of Beasts.
             The game lasted 00:03:54 (9513 turns).

qw the Skirmisher (Naga Hunter)                     Turns: 9513, Time: 00:03:55

Health: -27/106    AC: 23    Str: 20    XL:     11   Next: 97%
Magic:  15/15      EV: 16    Int: 10    God:    Okawaru [***...]
Gold:   388        SH:  0    Dex: 24    Spells: 10/10 levels left

rFire   . . .        Y - +1 orcbow
rCold   . . .        (shield currently unavailable)
rNeg    . . .        r - +1 steam dragon scales
rPois   +            (no helmet)
rElec   +            n - +0 cloak {Stlth+}
rCorr   .            j - +0 pair of gloves
SInv    +            b - +6 lightning scales {swift, rElec}
Will    +....        (no amulet)
Stlth   +++++        c - +6 ring of dexterity
HPRegen 0.37/turn    q - +6 ring of strength
MPRegen 0.14/turn

%: no passive effects
@: about to teleport, heroic, slow
A: AC +3, large, see invisible, deformed body, poison resistance, slowness 2,
spit poison 1, naga tail 1
a: Spit Poison, Renounce Religion, Heroism


You were on level 2 of the Lair of Beasts.
You worshipped Okawaru.
Okawaru was most pleased with you.
You visited 3 branches of the dungeon, and saw 12 of its levels.

You collected 718 gold pieces.
You spent 330 gold pieces at shops.


Innate Abilities, Weirdness & Mutations

Your serpentine skin is tough. (AC +3)
You have supernaturally acute eyesight. (SInv)
Armour fits poorly on your strangely shaped body.
Your system is resistant to poisons. (rPois)
You cover ground very slowly.
You can spit poison.
You have a snake-like lower body.


   Skills:
 - Level 9.0(14.0) Fighting
 - Level 13.0(18.0) Ranged Weapons
 - Level 4.0(9.0) Armour
 + Level 5.2(10.2) Dodging
 - Level 1.5(6.5) Stealth
 - Level 6.1 Invocations


You had 10 spell levels left.
You didn't know any spells.
Your spell library was empty.

Inventory:

Hand Weapons
 Y - a +1 orcbow (weapon)
Armour
 b - the +6 lightning scales (worn) {swift, rElec}
   (You acquired it on level 2 of the Dungeon)

   Swift:     It allows the wearer to cover ground more swiftly.
   rElec:     It insulates you from electricity.
 j - a +0 pair of gloves (worn)
 n - a +0 cloak of stealth (worn)
 r - +1 steam dragon scales (worn)
Jewellery
 c - a +6 ring of dexterity (left hand)
 q - a +6 ring of strength (right hand)
Scrolls
 a - a scroll of identify
 e - 2 scrolls of teleportation
Potions
 d - a potion of resistance
 f - 2 potions of heal wounds
 g - a potion of haste
 h - a potion of mutation
 k - a potion of invisibility {unknown}
 l - a potion of enlightenment {unknown}
 m - a potion of might {unknown}
 o - a potion of attraction {unknown}
 p - 4 potions of curing

Dungeon Overview and Level Annotations

Branches:
Dungeon (9/15)             Temple (1/1) D:7            Lair (2/5) D:9
 Spider (0/4) Lair:2
  Swamp: Lair:2-3    Shoals: Lair:2-3       Orc: D:9-12

Altars:
Ashenzari
Cheibriados
Dithmenos
Elyvilon
Fedhas
Gozag
Kikubaaqudgha
Makhleb
Nemelex Xobeh
Okawaru
Qazlal
Ru
Sif Muna
Uskayaw
Vehumet
Wu Jian
Xom
Yredelemnul
Zin
The Shining One

Shops:
D:1 =   D:3 *   D:7 *   D:8 *   D:9 *

Annotations:
D:5 2 transporters, qw's ghost, amateur MiHu
Lair:2 exclusion: 2 orb spiders


Message History

Found a hole to the Spider Nest.
You shoot an arrow. The arrow hits the orb spider!
The orb spider's many legs skitter faintly.
The orb spider is lightly wounded.
The orb spider spins a strand of pure energy.
You shoot an arrow. The arrow barely misses the orb spider.
You shoot an arrow. The arrow hits the orb spider!
The orb spider is heavily wounded.
You shoot an arrow. The arrow hits the orb spider!!
The orb spider is almost dead.
The orb spider weaves a glowing orb of energy.
An orb of destruction comes into view.
You pick your way through the web.
Found a ring of poison resistance.
The orb spider pulsates with a strange energy.
There is a web here.
The orb of destruction hits you!!!
9508 ||| INVOKING Spit Poison.
Aiming: Spit Poison (1% risk of failure)
Press: ? - help, Shift-Dir - straight line, f/p - orb spider The splash of poison hits the orb spider!
The orb spider is almost dead.
The orb spider weaves a glowing orb of energy.
An orb of destruction comes into view.
You are caught in the web!
The orb spider spins a strand of pure energy.
There is a web here.
You disentangle yourself.
The orb of destruction hits you!!!
9511 ||| READING 3 scrolls of teleportation.
As you read the scroll of teleportation, it crumbles to dust.
You feel strangely unstable.
You have got your breath back.
The orb spider weaves a glowing orb of energy.
An orb of destruction comes into view.
9512 ||| DRINKING 3 potions of heal wounds.
You feel much better.
The orb spider begins to weave its threads into a brightly glowing ball.
The orb of destruction hits you!!!
Ouch! That really hurt!
You die...

##.... #.(.... #......
#..... ######
#.#.###....^#.
#....#.#.^....
###..[....#
#.......#^### # ##
#......##@..#..^# ##.#
#.....###0...# ##..#
#.....# #^0..~... ....#
#.....##..00~~~.# ....#
##......##^~s..~.=
....###P......##.+.>.+..
.<...#........##.###^#.#
....#..#.......### ##
/................


You could see an orb spider (charged).

Vanquished Creatures
  Amaemon (D:8)
  Maurice (D:9)
  Joseph (D:8)
  A black mamba (Lair:1)
  An orange demon (D:8)
  Psyche (D:8)
  3 cane toads (Lair:1)
  A rime drake (D:9)
  4 komodo dragons
  A troll (D:9)
  A polar bear (D:9)
  Prince Ribbit (D:5)
  2 hornets
  A wraith (D:9)
  20 yaks
  A wyvern (D:9)
  A basilisk (Lair:1)
  3 steam dragons
  4 water moccasins
  2 orc warriors
  3 black bears
  7 ice beasts
  A sky beast (D:7)
  2 wolves (D:9)
  2 centaurs
  A kobold brigand (D:9)
  11 bullfrogs
  2 scorpions
  4 wights (D:8)
  3 howler monkeys (D:7)
  3 hounds
  An orc priest (D:9)
  2 jellies
  2 iguanas
  8 orc wizards
  A sleepcap (D:8)
  3 gnolls (D:4)
  8 adders
  A shadow imp (D:6)
  A white imp (D:5)
  2 ufetubi (D:5)
  3 worms
  A dart slug (D:5)
  17 orcs
  9 endoplasms
  2 giant cockroaches
  10 goblins
  13 hobgoblins
  2 jackals (D:3)
  4 quokkas
  5 ball pythons
  2 bats
  4 frilled lizards
  12 kobolds
  4 rats
207 creatures vanquished.

Notes
Turn   | Place    | Note
-------+----------+-------------------------------------------
     0 | D:1      | qw the Naga Hunter began the quest for the Orb.
     0 | D:1      | Reached XP level 1. HP: 19/19 MP: 1/1
     0 | D:1      | 0 ||| qw: Version: 0.3-a-5-g6f28e65
     0 | D:1      | 0 ||| qw: Game counter: 694
     0 | D:1      | 0 ||| qw: Always use a shield: true
     0 | D:1      | 0 ||| qw: God list: Okawaru
     0 | D:1      | 0 ||| qw: Allow faded altars: false
     0 | D:1      | 0 ||| qw: Do Orc after D:15 true
     0 | D:1      | 0 ||| qw: Do second Lair branch before Depths: true
     0 | D:1      | 0 ||| qw: Lair rune preference: random
     0 | D:1      | 0 ||| qw: Plans: Normal
     0 | D:1      | 0 ||| PLANNING D:1-11
    81 | D:1      | 81 ||| INVOKING Spit Poison.
    97 | D:1      | 97 ||| INVOKING Spit Poison.
   100 | D:1      | 100 ||| INVOKING Spit Poison.
   103 | D:1      | 103 ||| INVOKING Spit Poison.
   123 | D:1      | Found a faded altar of an unknown god.
   124 | D:1      | 124 ||| INVOKING Spit Poison.
   128 | D:1      | Reached skill level 4 in Ranged Weapons
   128 | D:1      | Reached XP level 2. HP: 26/26 MP: 2/2
   179 | D:1      | 179 ||| INVOKING Spit Poison.
   185 | D:1      | 185 ||| INVOKING Spit Poison.
   186 | D:1      | 186 ||| INVOKING Spit Poison.
   188 | D:1      | 188 ||| INVOKING Spit Poison.
   240 | D:1      | 240 ||| INVOKING Spit Poison.
   346 | D:1      | 346 ||| INVOKING Spit Poison.
   358 | D:1      | 358 ||| INVOKING Spit Poison.
   675 | D:1      | Found Cisti's Jewellery Shoppe.
   686 | D:1      | 686 ||| SHOPLISTING +5 ring of evasion (468 gold, have 39).
   686 | D:1      | 686 ||| SHOPLISTING ring of fire (325 gold, have 39).
   686 | D:1      | 686 ||| SHOPLISTING ring of ice (325 gold, have 39).
   686 | D:1      | 686 ||| SHOPLISTING ring of positive energy (260 gold, have
                  | 39).
   686 | D:1      | 686 ||| SHOPLISTING ring of willpower (325 gold, have 39).
   754 | D:1      | 754 ||| INVOKING Spit Poison.
   755 | D:1      | Reached XP level 3. HP: 32/32 MP: 3/3
   875 | D:1      | 875 ||| UPGRADING to +6 ring of strength.
   876 | D:1      | 876 ||| READING 2 scrolls labelled OREUCVOOMM.
   877 | D:1      | 877 ||| READING scroll labelled TIHIONL YDGHI.
   881 | D:1      | 881 ||| READING scroll labelled UVUWAT ASE.
   882 | D:1      | 882 ||| READING scroll labelled MUDOPP LISCHYAN.
   883 | D:1      | 883 ||| DROPPING scroll of butterflies.
   944 | D:2      | 944 ||| INVOKING Spit Poison.
   951 | D:2      | 951 ||| INVOKING Spit Poison.
   976 | D:2      | 976 ||| INVOKING Spit Poison.
  1015 | D:2      | 1015 ||| INVOKING Spit Poison.
  1018 | D:2      | 1018 ||| INVOKING Spit Poison.
  1021 | D:2      | Reached skill level 5 in Ranged Weapons
  1021 | D:2      | Reached XP level 4. HP: 37/39 MP: 4/4
  1124 | D:2      | 1124 ||| INVOKING Spit Poison.
  1230 | D:2      | 1230 ||| INVOKING Spit Poison.
  1246 | D:2      | 1246 ||| INVOKING Spit Poison.
  1342 | D:2      | 1342 ||| INVOKING Spit Poison.
  1364 | D:2      | 1364 ||| INVOKING Spit Poison.
  1560 | D:2      | 1560 ||| INVOKING Spit Poison.
  1638 | D:2      | 1638 ||| READING scroll labelled DATEATWU ASTRUS.
  1638 | D:2      | Identified a scroll of acquirement
  1638 | D:2      | 1638 ||| ACQUIRING +6 lightning scales {swift, rElec}
  1638 | D:2      | Acquired the +6 lightning scales {swift, rElec}
  1638 | D:2      | Found the +6 lightning scales {swift, rElec}
  1640 | D:2      | 1640 ||| UPGRADING to +6 lightning scales {swift, rElec}.
  1645 | D:2      | 1645 ||| DRINKING 2 fuming sapphire potions.
  1646 | D:2      | 1646 ||| READING 3 scrolls of identify.
  1646 | D:2      | 1646 ||| IDENTIFYING grey potion
  1647 | D:2      | 1647 ||| READING 2 scrolls of identify.
  1647 | D:2      | 1647 ||| IDENTIFYING sedimented red potion
  1648 | D:2      | 1648 ||| DROPPING potion of ambrosia.
  1649 | D:2      | 1649 ||| DROPPING potion of degeneration.
  1718 | D:3      | 1718 ||| INVOKING Spit Poison.
  1788 | D:3      | 1788 ||| INVOKING Spit Poison.
  1820 | D:3      | 1820 ||| INVOKING Spit Poison.
  1871 | D:3      | 1871 ||| INVOKING Spit Poison.
  1875 | D:3      | 1875 ||| INVOKING Spit Poison.
  1882 | D:3      | 1882 ||| INVOKING Spit Poison.
  1888 | D:3      | 1888 ||| INVOKING Spit Poison.
  1889 | D:3      | 1889 ||| DRINKING potion of curing.
  1889 | D:3      | 1889 ||| (to cure confusion)
  1892 | D:3      | Reached skill level 3 in Fighting
  1892 | D:3      | Reached XP level 5. HP: 47/49 MP: 5/5
  1893 | D:3      | 1893 ||| INVOKING Spit Poison.
  1916 | D:3      | 1916 ||| INVOKING Spit Poison.
  1919 | D:3      | 1919 ||| INVOKING Spit Poison.
  1998 | D:3      | 1998 ||| INVOKING Spit Poison.
  2048 | D:3      | 2048 ||| INVOKING Spit Poison.
  2155 | D:3      | 2155 ||| INVOKING Spit Poison.
  2377 | D:3      | Found Sicic's Assorted Antiques.
  2381 | D:3      | 2381 ||| BUYING dark potion (20 gold).
  2381 | D:3      | Bought a dark potion for 20 gold pieces
  2381 | D:3      | 2381 ||| BUYING runed cloak (172 gold).
  2381 | D:3      | Bought a runed cloak for 172 gold pieces
  2381 | D:3      | 2381 ||| UPGRADING to +0 cloak of stealth.
  2386 | D:3      | 2386 ||| READING scroll labelled IKAPPISEDI.
  2387 | D:3      | 2387 ||| READING scroll labelled INIAPL EKKE.
  2388 | D:3      | 2388 ||| READING scroll labelled WAGGALEANG.
  2432 | D:4      | 2432 ||| INVOKING Spit Poison.
  2437 | D:4      | 2437 ||| INVOKING Spit Poison.
  2439 | D:4      | Reached skill level 1 in Armour
  2521 | D:4      | 2521 ||| INVOKING Spit Poison.
  2565 | D:4      | Found a stormy altar of Qazlal.
  2608 | D:4      | 2608 ||| INVOKING Spit Poison.
  2665 | D:4      | Noticed a black bear
  2668 | D:4      | 2668 ||| INVOKING Spit Poison.
  2670 | D:4      | Killed a black bear
  2671 | D:4      | Reached XP level 6. HP: 56/56 MP: 6/6
  2675 | D:4      | 2675 ||| INVOKING Spit Poison.
  2678 | D:4      | Reached skill level 6 in Ranged Weapons
  2711 | D:4      | 2711 ||| Stepping ~*~*~tactically~*~*~ (outnumbered).
  2714 | D:4      | 2714 ||| INVOKING Spit Poison.
  2715 | D:4      | 2715 ||| Stepping ~*~*~tactically~*~*~ (outnumbered).
  2717 | D:4      | 2717 ||| Stepping ~*~*~tactically~*~*~ (outnumbered).
  2718 | D:4      | 2718 ||| INVOKING Spit Poison.
  2721 | D:4      | 2721 ||| INVOKING Spit Poison.
  2724 | D:4      | 2724 ||| INVOKING Spit Poison.
  2729 | D:4      | 2729 ||| INVOKING Spit Poison.
  2801 | D:4      | 2801 ||| INVOKING Spit Poison.
  2817 | D:4      | 2817 ||| INVOKING Spit Poison.
  2843 | D:4      | Noticed a steam dragon
  2844 | D:4      | 2844 ||| INVOKING Spit Poison.
  2847 | D:4      | 2847 ||| INVOKING Spit Poison.
  2850 | D:4      | 2850 ||| INVOKING Spit Poison.
  2853 | D:4      | 2853 ||| INVOKING Spit Poison.
  2854 | D:4      | Killed a steam dragon
  2855 | D:4      | Reached XP level 7. HP: 29/66 MP: 7/7
  3142 | D:4      | 3142 ||| UPGRADING to +0 pair of gloves.
  3147 | D:4      | 3147 ||| UPGRADING to +0 steam dragon scales.
  3157 | D:4      | 3157 ||| DROPPING +0 leather armour.
  3158 | D:4      | 3158 ||| UPGRADING to ring of positive energy.
  3159 | D:4      | 3159 ||| READING scroll labelled ZUNOAH IMMAV.
  3160 | D:4      | 3160 ||| DRINKING 3 dark potions.
  3161 | D:4      | 3161 ||| READING 5 scrolls of identify.
  3161 | D:4      | 3161 ||| IDENTIFYING glowing amethyst potion
  3162 | D:4      | 3162 ||| READING 4 scrolls of identify.
  3162 | D:4      | 3162 ||| IDENTIFYING purple potion
  3163 | D:4      | 3163 ||| READING 3 scrolls of identify.
  3163 | D:4      | 3163 ||| IDENTIFYING metallic golden potion
  3164 | D:4      | 3164 ||| READING 2 scrolls of identify.
  3164 | D:4      | 3164 ||| IDENTIFYING puce potion
  3165 | D:4      | 3165 ||| DROPPING 2 potions of brilliance.
  3190 | D:5      | Entered Level 5 of the Dungeon
  3229 | D:5      | Found a transporter.
  3230 | D:5      | Noticed qw's ghost (amateur MiHu)
  3231 | D:5      | Found a transporter.
  3231 | D:5      | Identified the +8 dire flail of Embarrassment {spect, rPois
                  | rC+ rN+ Dex-4}
  3350 | D:5      | 3350 ||| INVOKING Spit Poison.
  3357 | D:5      | 3357 ||| INVOKING Spit Poison.
  3376 | D:5      | 3376 ||| INVOKING Spit Poison.
  3449 | D:5      | 3449 ||| INVOKING Spit Poison.
  3455 | D:5      | 3455 ||| INVOKING Spit Poison.
  3520 | D:5      | 3520 ||| INVOKING Spit Poison.
  3525 | D:5      | 3525 ||| INVOKING Spit Poison.
  3528 | D:5      | 3528 ||| INVOKING Spit Poison.
  3533 | D:5      | 3533 ||| INVOKING Spit Poison.
  3542 | D:5      | Found a hide-covered altar of Uskayaw.
  3543 | D:5      | Found a blossoming altar of Fedhas.
  3546 | D:5      | Found a radiant altar of Vehumet.
  3553 | D:5      | 3553 ||| INVOKING Spit Poison.
  3585 | D:5      | 3585 ||| INVOKING Spit Poison.
  3589 | D:5      | 3589 ||| INVOKING Spit Poison.
  3762 | D:5      | 3762 ||| INVOKING Spit Poison.
  3765 | D:5      | 3765 ||| INVOKING Spit Poison.
  3766 | D:5      | Reached skill level 7 in Ranged Weapons
  3840 | D:5      | 3840 ||| INVOKING Spit Poison.
  3847 | D:5      | 3847 ||| INVOKING Spit Poison.
  3996 | D:5      | 3996 ||| READING scroll of brand weapon.
  3996 | D:5      | 3996 ||| BRANDING +1 shortbow of freezing.
  4022 | D:5      | Noticed Prince Ribbit
  4023 | D:5      | 4023 ||| INVOKING Spit Poison.
  4030 | D:5      | 4030 ||| INVOKING Spit Poison.
  4034 | D:5      | Killed Prince Ribbit
  4035 | D:5      | Reached skill level 3 in Armour
  4035 | D:5      | Reached XP level 8. HP: 73/73 MP: 8/8
  4073 | D:5      | 4073 ||| DROPPING ring of magical power.
  4108 | D:6      | 4108 ||| INVOKING Spit Poison.
  4134 | D:6      | 4134 ||| INVOKING Spit Poison.
  4153 | D:6      | 4153 ||| INVOKING Spit Poison.
  4156 | D:6      | 4156 ||| INVOKING Spit Poison.
  4163 | D:6      | 4163 ||| INVOKING Spit Poison.
  4165 | D:6      | Reached skill level 8 in Ranged Weapons
  4166 | D:6      | 4166 ||| INVOKING Spit Poison.
  4188 | D:6      | 4188 ||| INVOKING Spit Poison.
  4191 | D:6      | 4191 ||| INVOKING Spit Poison.
  4311 | D:6      | Found a broken altar of Ashenzari.
  4315 | D:6      | Saw a vision of the Swamp and the Spider Nest.
  4315 | D:6      | Noticed a wolf spider
  4315 | D:6      | Noticed a jumping spider
  4315 | D:6      | Noticed a culicivora
  4315 | D:6      | Noticed a pharaoh ant
  4315 | D:6      | Noticed a sun moth
  4315 | D:6      | Noticed a radroach
  4315 | D:6      | Noticed a steelbarb worm
  4316 | D:6      | Noticed a will-o-the-wisp
  4316 | D:6      | Noticed a wolf spider
  4316 | D:6      | Noticed a torpor snail
  4316 | D:6      | Noticed a tarantella
  4317 | D:6      | Noticed a pharaoh ant
  4317 | D:6      | Noticed a jumping spider
  4318 | D:6      | Noticed an alligator
  4318 | D:6      | Noticed a bloated husk
  4322 | D:6      | Noticed a culicivora
  4325 | D:6      | Noticed a demonic crawler
  4377 | D:6      | 4377 ||| READING scroll of enchant weapon.
  4377 | D:6      | 4377 ||| ENCHANTING +1 shortbow of draining.
  4424 | D:6      | Noticed a hornet
  4426 | D:6      | 4426 ||| INVOKING Spit Poison.
  4430 | D:6      | 4430 ||| INVOKING Spit Poison.
  4430 | D:6      | Killed a hornet
  4595 | D:6      | 4595 ||| READING scroll labelled WAUTHE QIERHOE.
  4596 | D:6      | 4596 ||| READING scroll labelled CYGRON XOIWISU.
  4621 | D:7      | 4621 ||| INVOKING Spit Poison.
  4722 | D:7      | Found a staircase to the Ecumenical Temple.
  4723 | D:7      | 4723 ||| PLANNING TEMPLE
  4735 | D:7      | Reached skill level 9 in Ranged Weapons
  4735 | D:7      | Reached XP level 9. HP: 81/81 MP: 9/9
  4736 | Temple   | Entered the Ecumenical Temple
  4737 | Temple   | 4737 ||| PLANNING OKAWARU WORSHIP
  4800 | Temple   | Became a worshipper of Warmaster Okawaru
  4801 | Temple   | 4801 ||| PLANNING D:1-11
  4927 | D:7      | Found an opulent altar of Gozag.
  4928 | D:7      | Found Gozag's Platinum Reserve.
  4941 | D:7      | 4941 ||| SHOPLISTING ring "Tiqamoorph" {Str+6 Int+3} (4930
                  | gold, have 310).
  4941 | D:7      | 4941 ||| SHOPLISTING ring "Tutoewky" {Fly Will- Str+6 Int+4
                  | Stlth+} (4410 gold, have 310).
  4941 | D:7      | 4941 ||| SHOPLISTING ring "Zubitzor" {rPois rF- rC+ rN+
                  | Dex+3} (3750 gold, have 310).
  4997 | D:7      | 4997 ||| INVOKING Spit Poison.
  5004 | D:7      | 5004 ||| INVOKING Spit Poison.
  5008 | D:7      | Reached skill level 3 in Dodging
  5014 | D:7      | Found an ornate altar of the Wu Jian Council.
  5026 | D:7      | 5026 ||| INVOKING Spit Poison.
  5030 | D:7      | 5030 ||| INVOKING Spit Poison.
  5061 | D:7      | 5061 ||| INVOKING Spit Poison.
  5202 | D:7      | 5202 ||| INVOKING Spit Poison.
  5397 | D:7      | 5397 ||| READING scroll labelled VOSKON LACH.
  5413 | D:8      | 5413 ||| INVOKING Spit Poison.
  5416 | D:8      | Reached skill level 6 in Fighting
  5502 | D:8      | 5502 ||| INVOKING Spit Poison.
  5520 | D:8      | Noticed Amaemon
  5521 | D:8      | 5521 ||| INVOKING Spit Poison.
  5522 | D:8      | Noticed an orange demon
  5526 | D:8      | 5526 ||| INVOKING Spit Poison.
  5534 | D:8      | 5534 ||| INVOKING Spit Poison.
  5536 | D:8      | Killed Amaemon
  5536 | D:8      | Reached * piety under Okawaru
  5537 | D:8      | Reached skill level 10 in Ranged Weapons
  5537 | D:8      | 5537 ||| INVOKING Heroism.
  5539 | D:8      | 5539 ||| INVOKING Spit Poison.
  5549 | D:8      | 5549 ||| INVOKING Spit Poison.
  5549 | D:8      | Killed an orange demon
  5688 | D:8      | Found Plog's General Store.
  5693 | D:8      | 5693 ||| BUYING potion of curing (33 gold).
  5693 | D:8      | Bought a potion of curing for 33 gold pieces
  5854 | D:8      | 5854 ||| INVOKING Spit Poison.
  5923 | D:8      | 5923 ||| Stepping ~*~*~tactically~*~*~ (outnumbered).
  5932 | D:8      | Found a flagged portal.
  5955 | D:8      | Noticed Psyche
  5956 | D:8      | 5956 ||| INVOKING Heroism.
  5964 | D:8      | Killed Psyche
  5965 | D:8      | Reached skill level 3 in Invocations
  6000 | D:8      | 6000 ||| INVOKING Spit Poison.
  6003 | D:8      | Reached XP level 10. HP: 94/94 MP: 12/12
  6016 | D:8      | 6016 ||| INVOKING Heroism.
  6020 | D:8      | 6020 ||| INVOKING Spit Poison.
  6184 | D:8      | Noticed Joseph
  6190 | D:8      | 6190 ||| INVOKING Spit Poison.
  6193 | D:8      | 6193 ||| INVOKING Heroism.
  6198 | D:8      | 6198 ||| INVOKING Spit Poison.
  6201 | D:8      | Killed Joseph
  6201 | D:8      | Reached ** piety under Okawaru
  6558 | D:8      | 6558 ||| SWAPPING to +0 orcbow.
  6559 | D:8      | 6559 ||| DROPPING +8 sling.
  6560 | D:8      | 6560 ||| DROPPING +2 shortbow of draining.
  6561 | D:8      | 6561 ||| UPGRADING to +6 ring of dexterity.
  6563 | D:8      | 6563 ||| UPGRADING to +6 ring of strength.
  6565 | D:8      | 6565 ||| DROPPING ring of positive energy.
  6640 | D:9      | 6640 ||| INVOKING Spit Poison.
  6646 | D:9      | 6646 ||| INVOKING Spit Poison.
  6651 | D:9      | 6651 ||| INVOKING Spit Poison.
  6658 | D:9      | 6658 ||| INVOKING Spit Poison.
  6660 | D:9      | 6660 ||| INVOKING Heroism.
  6666 | D:9      | 6666 ||| INVOKING Spit Poison.
  6669 | D:9      | Reached skill level 11 in Ranged Weapons
  6675 | D:9      | 6675 ||| INVOKING Spit Poison.
  6850 | D:9      | 6850 ||| Stepping ~*~*~tactically~*~*~ (outnumbered).
  6852 | D:9      | 6852 ||| INVOKING Spit Poison.
  6853 | D:9      | 6853 ||| INVOKING Heroism.
  6856 | D:9      | 6856 ||| Stepping ~*~*~tactically~*~*~ (outnumbered).
  6857 | D:9      | 6857 ||| INVOKING Spit Poison.
  6866 | D:9      | 6866 ||| INVOKING Spit Poison.
  6873 | D:9      | 6873 ||| INVOKING Spit Poison.
  6877 | D:9      | 6877 ||| INVOKING Heroism.
  6881 | D:9      | 6881 ||| INVOKING Spit Poison.
  6887 | D:9      | 6887 ||| INVOKING Spit Poison.
  6890 | D:9      | HP: 20/94 [ice beast (13)]
  6891 | D:9      | 6891 ||| READING 4 scrolls of teleportation.
  6892 | D:9      | 6892 ||| DRINKING 4 potions of heal wounds.
  6894 | D:9      | Reached *** piety under Okawaru
  6895 | D:9      | 6895 ||| INVOKING Spit Poison.
  7091 | D:9      | 7091 ||| INVOKING Spit Poison.
  7141 | D:9      | 7141 ||| INVOKING Spit Poison.
  7148 | D:9      | 7148 ||| INVOKING Spit Poison.
  7153 | D:9      | 7153 ||| INVOKING Spit Poison.
  7221 | D:9      | Found Xikkacab's General Store.
  7228 | D:9      | 7228 ||| SHOPLISTING +4 heavy orcbow (396 gold, have 348).
  7228 | D:9      | 7228 ||| BUYING scroll of enchant armour (105 gold).
  7228 | D:9      | Bought a scroll of enchant armour for 105 gold pieces
  7228 | D:9      | 7228 ||| READING scroll of enchant armour.
  7228 | D:9      | 7228 ||| ENCHANTING +0 steam dragon scales.
  7250 | D:9      | 7250 ||| INVOKING Spit Poison.
  7255 | D:9      | 7255 ||| INVOKING Spit Poison.
  7262 | D:9      | 7262 ||| INVOKING Spit Poison.
  7265 | D:9      | 7265 ||| INVOKING Heroism.
  7266 | D:9      | 7266 ||| INVOKING Spit Poison.
  7274 | D:9      | Reached XP level 11. HP: 74/103 MP: 11/14
  7282 | D:9      | 7282 ||| INVOKING Heroism.
  7285 | D:9      | 7285 ||| INVOKING Spit Poison.
  7317 | D:9      | 7317 ||| INVOKING Spit Poison.
  7321 | D:9      | 7321 ||| INVOKING Spit Poison.
  7327 | D:9      | Reached skill level 12 in Ranged Weapons
  7448 | D:9      | 7448 ||| INVOKING Heroism.
  7463 | D:9      | Found a staircase to the Lair.
  7497 | D:9      | 7497 ||| Stepping ~*~*~tactically~*~*~ (outnumbered).
  7498 | D:9      | 7498 ||| INVOKING Spit Poison.
  7499 | D:9      | 7499 ||| Stepping ~*~*~tactically~*~*~ (outnumbered).
  7501 | D:9      | 7501 ||| INVOKING Spit Poison.
  7508 | D:9      | 7508 ||| INVOKING Spit Poison.
  7512 | D:9      | 7512 ||| INVOKING Spit Poison.
  7570 | D:9      | 7570 ||| INVOKING Heroism.
  7573 | D:9      | 7573 ||| INVOKING Spit Poison.
  7577 | D:9      | 7577 ||| INVOKING Spit Poison.
  7684 | D:9      | 7684 ||| READING scroll of enchant weapon.
  7684 | D:9      | 7684 ||| ENCHANTING +0 orcbow.
  7715 | D:9      | 7715 ||| INVOKING Heroism.
  7719 | D:9      | 7719 ||| INVOKING Spit Poison.
  7725 | D:9      | 7725 ||| INVOKING Spit Poison.
  7731 | D:9      | 7731 ||| INVOKING Spit Poison.
  7784 | D:9      | Noticed Maurice
  7785 | D:9      | 7785 ||| INVOKING Spit Poison.
  7790 | D:9      | 7790 ||| INVOKING Spit Poison.
  7795 | D:9      | Killed Maurice
  7795 | D:9      | Reached **** piety under Okawaru
  7895 | D:9      | Found a snail-covered altar of Cheibriados.
  7948 | D:9      | 7948 ||| PLANNING LAIR
  7948 | D:9      | 7948 ||| READING scroll labelled SOASYO NEWO.
  7949 | D:9      | 7949 ||| READING 2 scrolls of identify.
  7949 | D:9      | 7949 ||| IDENTIFYING emerald potion
  7981 | Lair:1   | Entered Level 1 of the Lair of Beasts
  7982 | Lair:1   | 7982 ||| INVOKING Heroism.
  7983 | Lair:1   | 7983 ||| INVOKING Spit Poison.
  8034 | Lair:1   | 8034 ||| INVOKING Heroism.
  8035 | Lair:1   | 8035 ||| INVOKING Spit Poison.
  8045 | Lair:1   | 8045 ||| INVOKING Spit Poison.
  8116 | Lair:1   | 8116 ||| INVOKING Heroism.
  8121 | Lair:1   | 8121 ||| INVOKING Spit Poison.
  8130 | Lair:1   | 8130 ||| INVOKING Spit Poison.
  8140 | Lair:1   | 8140 ||| INVOKING Spit Poison.
  8151 | Lair:1   | 8151 ||| INVOKING Spit Poison.
  8157 | Lair:1   | 8157 ||| INVOKING Spit Poison.
  8199 | Lair:1   | 8199 ||| INVOKING Spit Poison.
  8201 | Lair:1   | 8201 ||| INVOKING Heroism.
  8204 | Lair:1   | 8204 ||| INVOKING Spit Poison.
  8213 | Lair:1   | 8213 ||| INVOKING Spit Poison.
  8278 | Lair:1   | 8278 ||| INVOKING Spit Poison.
  8282 | Lair:1   | 8282 ||| DRINKING potion of cancellation.
  8343 | Lair:1   | 8343 ||| INVOKING Heroism.
  8351 | Lair:1   | Reached skill level 13 in Ranged Weapons
  8555 | Lair:1   | 8555 ||| INVOKING Spit Poison.
  8561 | Lair:1   | 8561 ||| INVOKING Heroism.
  8589 | Lair:1   | 8589 ||| INVOKING Spit Poison.
  8599 | Lair:1   | 8599 ||| INVOKING Spit Poison.
  8602 | Lair:1   | 8602 ||| INVOKING Heroism.
  8605 | Lair:1   | 8605 ||| INVOKING Spit Poison.
  8609 | Lair:1   | 8609 ||| INVOKING Spit Poison.
  8618 | Lair:1   | 8618 ||| INVOKING Spit Poison.
  8621 | Lair:1   | Reached skill level 6 in Invocations
  8622 | Lair:1   | 8622 ||| INVOKING Spit Poison.
  8627 | Lair:1   | 8627 ||| INVOKING Heroism.
  8630 | Lair:1   | 8630 ||| INVOKING Spit Poison.
  9123 | Lair:1   | 9123 ||| INVOKING Spit Poison.
  9191 | Lair:1   | 9191 ||| READING scroll labelled ERCHOSK NOUTO.
  9292 | Lair:1   | 9292 ||| READING scroll labelled JURICR KUESMA.
  9293 | Lair:1   | 9293 ||| READING scroll labelled OLEUCAAFFI.
  9463 | Lair:2   | 9463 ||| INVOKING Spit Poison.
  9466 | Lair:2   | 9466 ||| INVOKING Heroism.
  9469 | Lair:2   | 9469 ||| INVOKING Spit Poison.
  9472 | Lair:2   | Reached skill level 9 in Fighting
  9484 | Lair:2   | 9484 ||| INVOKING Heroism.
  9485 | Lair:2   | 9485 ||| INVOKING Spit Poison.
  9501 | Lair:2   | Found a hole to the Spider Nest.
  9501 | Lair:2   | Noticed an orb spider
  9508 | Lair:2   | 9508 ||| INVOKING Spit Poison.
  9510 | Lair:2   | HP: 4/106 [disintegration (52)]
  9511 | Lair:2   | 9511 ||| READING 3 scrolls of teleportation.
  9512 | Lair:2   | 9512 ||| DRINKING 3 potions of heal wounds.
  9513 | Lair:2   | Blown up by an orb spider

Levels and vault maps discovered:
D:1:      dpeg_arrival_snail, layout_basic,
          dreamdust_ecumenical_altar_angels_and_demons, serial_shops,
          nicolae_lakefront_shop
D:2:      layout_basic
D:3:      layout_loops_ring, serial_shops, nicolae_shop_back_alley_shop,
          minivault_5
D:4:      layout_loops_ring, nicolae_qazlal_eye_of_the_storm, dk_noncrumbling_3
D:5:      layout_gridville, fiery_altar_vehumet,
          gammafunk_temple_overflow_statue, gammafunk_ghost_smash,
          minmay_gold_behind_fungi, sigmund_army, uniq_prince_ribbit1
D:6:      layout_cave_pools, grunt_ashenzari_visionary
          [grunt_ashenzari_visionary_swamp, grunt_ashenzari_visionary_spider]
D:7:      layout_loops_cross, nzn_wu_jian_contemplation,
          nicolae_gozag_zags_fifth_avenue, minmay_temple_entry_mini_moons,
          minivault_19
D:8:      layout_gridville, enter_bailey_5, serial_shops, shop, grunt_decor_cap,
          kennysheep_windowed_goal, uniq_psyche, uniq_joseph, uniq_amaemon
D:9:      layout_stronghold, mainiacjoe_overflow_alcove_2,
          hellmonk_lair_entry_icy, serial_shops, nicolae_diamond_shop,
          uniq_maurice
Temple:   nicolae_temple_x_marks_the_god
Lair:1:   layout_cave_pods, grunt_forest_small_clearing_treed,
          grunt_megastairs_4
Lair:2:   layout_roguey, nicolae_spider_entry_orb_guardian,
          chequers_serial_rivers_large_a, uniq_sonja

Skill      XL: |  1  2  3  4  5  6  7  8  9 10 11 |
---------------+----------------------------------+-----
Ranged Weapons | 4 5 6 7 9 10 11 13 | 13.0
Fighting       | 3 4 5 7 8 9 |  9.0
Armour         | 1 3 4 |  4.0
Dodging        | 2 3 5 |  5.2
Invocations    | 3 4 6 |  6.1
Stealth        | |  1.5

Action                     |  1- 3 |  4- 6 |  7- 9 | 10-12 || total
---------------------------+-------+-------+-------+-------++-------
   Fire: Shortbow          |    50 |    91 |   210 |    49 ||   400
         Orcbow            |       |       |       |   355 ||   355
 Invoke: Heroism           |       |       |     2 |    20 ||    22
Ability: Spit Poison       |    16 |    36 |    44 |    63 ||   159
    Use: Scroll            |     4 |     6 |    10 |     9 ||    29
         Potion            |       |     2 |     1 |     3 ||     6
 Armour: Leather armour    |     2 |    29 |       |       ||    31
         Steam dragon scal |       |       |    92 |   129 ||   221
  Dodge: Dodged            |     3 |    12 |    66 |   154 ||   235

Table legend:
 A = Non-vault XP
 B = Vault XP
 C = Vault XP percentage of total XP
 D = Non-vault monster count
 E = Vault monster count
 F = Vault count percentage of total count
                 A         B        C        D         E       F
            +---------+---------+-------+---------+---------+-------
      Total |   12312 |    5801 |  32.0 |     178 |      29 |  14.0
            +---------+---------+-------+---------+---------+-------
        D:1 |      37 |       0 |   0.0 |      23 |       0 |   0.0
        D:2 |      70 |       0 |   0.0 |      18 |       0 |   0.0
        D:3 |      89 |       0 |   0.0 |      20 |       0 |   0.0
        D:4 |     493 |       0 |   0.0 |      14 |       0 |   0.0
        D:5 |     393 |     280 |  41.6 |      11 |       4 |  26.7
        D:6 |     842 |       0 |   0.0 |      15 |       0 |   0.0
        D:7 |     673 |       0 |   0.0 |      10 |       0 |   0.0
        D:8 |     719 |    2157 |  75.0 |      11 |       9 |  45.0
        D:9 |    3925 |    2177 |  35.7 |      32 |      11 |  25.6
     Lair:1 |    4357 |    1187 |  21.4 |      20 |       5 |  20.0
     Lair:2 |     714 |       0 |   0.0 |       4 |       0 |   0.0
            +---------+---------+-------+---------+---------+-------
